 Dungeon Crawl Stone Soup version 0.29.1-12-g30fa7ad0bf (webtiles) character file.

Game seed: 5371724650927426053

53 soggyman666 the Magician (level 4, -1/31 HPs)
             Began as a Djinni Fire Elementalist on Dec 25, 2022.
             Slain by a gnoll
             ... wielding a +0 flail
              (4 damage)
             ... on level 3 of the Dungeon.
             The game lasted 00:04:05 (2631 turns).

soggyman666 the Magician (Djinni Fire Elementalist) Turns: 2631, Time: 00:04:05

Health: -1/31      AC:  3    Str:  7    XL:     4   Next: 11%
Gold:   99         EV: 16    Int: 19    God:
                   SH:  0    Dex: 13

rFire   + + .      SeeInvis .   m - staff of air
rCold   x . .      Faith    .   (no shield)
rNeg    . . .      Spirit   .   a - +0 robe
rPois   ∞          Reflect  .   (no helmet)
rElec   +          Harm     .   (no cloak)
rCorr   .          Rampage  .   j - +0 pair of gloves
Will    .....                   (boots unavailable)
Stlth   ++........              (no amulet)
HPRegen 0.10/turn               g - +4 ring of evasion
MPRegen 0.00/turn               (no ring)

@: flying, very slightly contaminated
A: sickness immunity, fire resistance 2, cold vulnerability 1, float, innate
caster, HP casting, extra vitality 1
a: no special abilities


You were on level 3 of the Dungeon.
You visited 1 branch of the dungeon, and saw 3 of its levels.

You collected 99 gold pieces.

Inventory:

Armour
 a - a +0 robe (worn)
 j - a +0 pair of gloves (worn)
Magical Staves
 m - a staff of air (weapon)
Jewellery
 g - a +4 ring of evasion (left hand)
Scrolls
 d - a scroll of enchant weapon {unknown}
 e - a scroll of fear {unknown}
 k - a scroll of teleportation
 l - a scroll of enchant armour {unknown}
Potions
 c - a potion of heal wounds {unknown}
 h - a potion of berserk rage {unknown}
 i - a potion of curing {unknown}


   Skills:
 + Level 2.5 Dodging
 + Level 1.8 Stealth
 + Level 3.4 Spellcasting


You couldn't memorise any spells.
You knew the following spells:

 Your Spells              Type           Power      Damage    Failure   Level
a - Foxfire               Conj/Fire      64%        2x1d7     3%          1
b - Scorch                Fire           32%        2d6       5%          2
c - Conjure Flame         Conj/Fire      16%        6-21      11%         3
d - Inner Flame           Hex/Fire       16%        N/A       11%         3
e - Flame Wave            Conj/Fire      16%        2d7       34%         4
f - Sandblast             Erth           32%        2d9       3%          1
Your spell library was empty.

Dungeon Overview and Level Annotations

Branches:
Dungeon (3/15)

Altars:


Innate Abilities, Weirdness & Mutations

You are immune to sickness and miasma.
You are immune to poison.
Your flesh is very heat resistant. (rF++)
You are vulnerable to cold. (rC-)
You float through the air rather than walking.
You learn spells naturally, not from books.
Your magical power is your life essence.
You have superior vitality. (+4 MHP)


Message History

A ball python comes into view.
The gnoll completely misses you.
Casting: Scorch (safe; 6% risk of failure)
Confirm with . or Enter, or press ? or * to list all spells.
Flames lash the gnoll.
The gnoll is moderately wounded.
The gnoll's fire resistance burns away.
The gnoll closely misses you.
Casting: Scorch (safe; 6% risk of failure)
Confirm with . or Enter, or press ? or * to list all spells.
Flames lash the gnoll.
The gnoll is burned terribly!
You kill the gnoll!
The gnoll completely misses you.
You have reached level 4!
You feel clever.
Casting: Scorch (safe; 5% risk of failure)
Confirm with . or Enter, or press ? or * to list all spells.
You miscast Scorch.
You are very lightly contaminated with residual magic.
Nothing appears to happen.
The gnoll barely misses you. The gnoll completely misses you.
Casting: Scorch (safe; 5% risk of failure)
Confirm with . or Enter, or press ? or * to list all spells.
Flames lash the gnoll.
The gnoll is burned terribly!
The gnoll is severely wounded.
The gnoll completely misses you.
The gnoll hits you from afar with a +0 spear!
* * * LOW HITPOINT WARNING * * *
Casting: Scorch (safe; 5% risk of failure)
Confirm with . or Enter, or press ? or * to list all spells.
Flames lash the ball python.
You kill the ball python!
* * * LOW HITPOINT WARNING * * *
The gnoll barely misses you. The gnoll hits you with a +0 flail.
* * * LOW HITPOINT WARNING * * *
The gnoll closely misses you.
Unknown command.
Unknown command.
There is a stone staircase leading up here.
The gnoll hits you with a +0 flail.
You die...

##+#+##
....>..####
....).ggg@#
.......####
.......
.......
.......
.......
####.## #.


You could see 3 gnolls.

Vanquished Creatures
  A gnoll (D:3)
  An adder (D:2)
  A dart slug (D:2)
  2 endoplasms
  A giant cockroach (D:1)
  5 goblins
  4 hobgoblins
  4 kobolds
  4 ball pythons
  5 bats
  2 frilled lizards
  4 rats
34 creatures vanquished.

Vanquished Creatures (others)
  167 foxfires
167 creatures vanquished.

Grand Total: 201 creatures vanquished

Notes
Turn   | Place    | Note
-------+----------+-------------------------------------------
     0 | D:1      | soggyman666 the Djinni Fire Elementalist began the quest
                  | for the Orb.
     0 | D:1      | soggyman666 set off with the following spells memorised:
                  | Foxfire, Scorch, Conjure Flame, Inner Flame, Flame Wave.
     0 | D:1      | Reached XP level 1. HP: 15/15 MP: 0/0
   354 | D:1      | Reached XP level 2. HP: 10/21 MP: 0/0
  1434 | D:1      | Found a faded altar of an unknown god.
  1744 | D:2      | Reached XP level 3. HP: 22/25 MP: 0/0
  1744 | D:2      | Learned a level 1 spell: Sandblast
  1788 | D:2      | Reached skill level 3 in Spellcasting
  2626 | D:3      | Reached XP level 4. HP: 16/31 MP: 0/0
  2631 | D:3      | Slain by a gnoll

Illustrated notes

Levels and vault maps discovered:
D:1:      minmay_arrival_up_and_down, layout_loops_ring, serial_rivers,
          chequers_serial_rivers_room_b, chequers_serial_rivers_large_a,
          chequers_serial_rivers_large_b, chequers_serial_rivers_room_b,
          chequers_serial_rivers_micro_b, hellmonk_ecumenical_altar_crossroads
D:2:      layout_basic
D:3:      layout_basic, makhleb_altar_promises_db, kennysheep_generic_room_13,
          uniq_terence, uniq_grinder, uniq_natasha, uniq_jessica

Skill      XL: |  1  2  3 |
---------------+----------+-----
Spellcasting   | 3 |  3.4
Dodging        | |  2.5
Stealth        | |  1.8

Action                   |  1- 3 |  4- 6 || total
-------------------------+-------+-------++-------
 Cast: Foxfire           |    98 |       ||    98
       Scorch            |    10 |     2 ||    12
       Sandblast         |     2 |       ||     2
       Inner Flame       |     2 |       ||     2
  Use: Scroll            |     2 |       ||     2
Dodge: Dodged            |     5 |     5 ||    10
